cohdb
Replays
Latest Replays
All Replays
Popular Replays
Top Player Replays
Match Explorer
How It Works
Community
CoH3 Stats
Reddit
Sign in to upload your games and track your stats! →
Sign in with Steam
Match 41399761
Unlisted
Match 41399761
Overview
Messages
Build Orders
End
Kettenkrad Recon Vehicle
Construct Infanterie Kompanie
MG 42 Machine Gun Team
Grenadier Squad
Grenadier Squad
Grenadier Squad
Construct Luftwaffe Kompanie
Jäger Squad
Support Elements
Jäger Squad
Wirbelwind Flakpanzer
Wirbelwind Flakpanzer
Jäger Squad
Selects Terror Battlegroup
Selects Heavy Gunnery
Selects No Quarter
Jäger Squad
Luftwaffe Officer Quarters
BLITZKRIEG BOB
Sarmynation
0
0
Comments
sign in to comment!
No comments posted yet!